 Dungeon Crawl Stone Soup version 0.16.0-8-gd9ae3a8 (webtiles) character file.

33 biguglyfish the Conjurer (level 3, -7/19 HPs)
             Began as a Tengu Wizard on Mar 16, 2015.
             Killed by divine providence
             ... invoked by a daeva
              (14 damage)
             ... on level 1 of the Abyss.
             The game lasted 00:07:20 (1299 turns).

biguglyfish the Conjurer (Tengu Wizard)             Turns: 1299, Time: 00:07:20

Health: -7/19      AC:  3    Str:  7    XL:     3   Next: 29%
Magic:  5/8        EV: 12    Int: 19    God:
Gold:   56         SH:  0    Dex: 12    Spells: 2 memorised, 4 levels left

rFire  . . .     SeeInvis .     f - +0 short sword
rCold  . . .     Clarity  .     a - +0 robe
rNeg   . . .     SustAb   .     (no shield)
rPois  .         Gourm    .     b - +0 hat
rElec  .         Spirit   .     q - +0 cloak
rCorr  .         Warding  .     (no gloves)
rMut   .         Stasis   .     (boots unavailable)
MR     .....                    (no amulet)
Stlth  +.........               (no ring)
                                (no ring)

@: glowing, not resistant to hostile enchantments, very unstealthy
A: beak, talons 3
a: no special abilities


You were on level 1 of the Abyss.
You were very hungry.

You visited 1 branch of the dungeon, and saw 2 of its levels.
You visited the Abyss 1 time.

You collected 56 gold pieces.

Inventory:

Hand weapons
 f - a +0 short sword (weapon)
Missiles
 e - 23 stones (quivered)
Armour
 a - a +0 robe (worn)
 b - a +0 hat (worn)
 q - a +0 cloak (worn)
Jewellery
 p - an uncursed amulet of warding {unknown}
Scrolls
 g - a scroll of magic mapping {unknown}
 h - a scroll of fog {unknown}
 j - a scroll of teleportation {unknown}
 l - 3 scrolls of identify {unknown}
 n - a scroll of blinking {unknown}
Potions
 i - a potion of curing {unknown}
 k - a potion of brilliance {unknown}
 m - a potion of haste {unknown}
 o - 2 potions of lignification {unknown}
 r - a potion of restore abilities {unknown}
Books
 c - a book of Minor Magic

   Spells                             Type                      Level
   a - Magic Dart                     Conjuration                  1
   b - Blink                          Translocation                2
   c - Call Imp                       Summoning                    2
   d - Repel Missiles                 Charms/Air                   2
   e - Slow                           Hexes                        2
   f - Conjure Flame                  Conjuration/Fire             3
   g - Mephitic Cloud                 Conjuration/Poison/Air       3
Comestibles
 d - a bread ration


   Skills:
 - Level 2.1 Dodging
 - Level 2.0 Stealth
 - Level 3.0 Spellcasting
 + Level 3.9 Conjurations
   Level 1.2 Summonings
   Level 0.7 Translocations
 * Level 0.7 Fire Magic


You had 4 spell levels left.
You knew the following spells:

 Your Spells              Type           Power        Failure   Level  Hunger
a - Magic Dart            Conj           ###.         3%          1    None
b - Conjure Flame         Conj/Fire      ##......     17%         3    ###....


Dungeon Overview and Level Annotations

Branches:
Dungeon (2/15)

Altars:

Annotations:
D:2 Crazy Yiuf


Innate Abilities, Weirdness & Mutations

You have a beak for a mouth.
You have claws for feet.


Message History

Crazy Yiuf hits you with a quarterstaff of chaos!
Ouch! That really hurt!
* * * LOW HITPOINT WARNING * * *
You are cast into the Abyss!
To return, you must find a gate leading back.
Welcome to the Abyss!
You sense a powerful magical force warping space.
Found a corrupted altar of Lugonu.
There is a corrupted altar of Lugonu here.
Found a smoky blue potion.
Found a scroll labeled JENEKO THRETZ.
r - a smoky blue potion You are feeling very hungry.
You start resting.
A daeva comes into view.
It is wielding a scimitar of holy wrath.
The daeva shouts!
The daeva calls down the wrath of the Shining One upon you.
Something smites you!
Ouch! That really hurt!
You die...

#.. #.. . .#
#.##.##### .
#.... # # .
###.###.##.##.#
# ..####.#.§ .#
#
#....#.##.#.#.
##
.#.#..#..#.##
..##..###.#.§§#
...#
#.###@..#..#
...#.
.§§..§....§...
. ..
###.§.?§.§§.. #
# #...§.§..§#
#..§.A...§# ..§
§.§§ # .§. ..§§
§§. ..§


You could see a daeva.

Vanquished Creatures
  2 oozes (D:1)
  6 bats
  A giant cockroach (D:1)
  7 goblins
  2 hobgoblins (D:1)
  A giant gecko (D:2)
  3 giant newts
  4 kobolds
  3 rats (D:1)
29 creatures vanquished.

Notes
Turn   | Place    | Note
--------------------------------------------------------------
     0 | D:1      | biguglyfish, the Tengu Wizard, began the quest for the Orb.
     0 | D:1      | Reached XP level 1. HP: 10/10 MP: 4/4
   299 | D:1      | Reached XP level 2. HP: 15/15 MP: 1/7
   871 | D:1      | Reached XP level 3. HP: 19/19 MP: 5/8
   876 | D:1      | Learned a level 3 spell: Conjure Flame
  1227 | D:2      | Noticed Crazy Yiuf
  1255 | D:2      | Cast into the Abyss (Crazy Yiuf)
  1255 | Abyss:1  | Found a corrupted altar of Lugonu.
  1299 | Abyss:1  | Noticed a daeva
  1299 | Abyss:1  | Killed from afar by a daeva

Action                   || total
-------------------------++-------
Melee: Short sword       ||     6
 Cast: Magic Dart        ||    67
       Conjure Flame     ||     1
 Stab: Sleeping          ||     1
